[Event "88th GER-ch Men 2017"]
[Site "Apolda"]
[Date "2017.06.23"]
[Round "1"]
[White "Hoefelsauer, Thomas"]
[Black "Schmitt, Philipp"]
[Result "0-1"]
[ECO "D56"]
[WhiteElo "2169"]
[BlackElo "2174"]
[Annotator "RC"]
[PlyCount "96"]
[EventDate "2017.??.??"]
[EventType "swiss"]
[EventCountry "GER"]
[SourceTitle "playchess.com"]
[Source "ChessBase"]
[SourceQuality "1"]
[TimeControl "40/6000+30:3000+30"]

1. d4 e6 2. c4 d5 3. Nc3 Be7 4. Nf3 Nf6 5. Bg5 h6 6. Bh4 O-O 7. e3 c6 8. Rc1 Nbd7 9. Bd3 dxc4 10. Bxc4 a6 11. a4 b5 12. Bd3 Bb7 13. O-O Rc8 14. Qe2 b4 15. Bxf6 Nxf6 16. Ne4 Nxe4 17. Bxe4 Bd6 18. Nd2 Qe7 19. Nb3 e5 20. Nc5 exd4 21. exd4 Rfe8 22. Rfe1 Qc7 23. g3 Re7 24. Qf3 Rce8 25. Re3 Bc8 26. Bxc6 Rxe3 27. fxe3 Bg4 28. Qxg4 Qxc6 29. Kf2 Bxc5 30. dxc5 Qf6+ 31. Kg1 Qxb2 32. Qc4 Rxe3 33. Rf1 Qb3 34. Qf4 Rc3 35. Qe5 Qc4 36. Qe8+ Kh7 37. Rxf7 Qxc5+ 38. Rf2 Rc1+ 39. Kg2 Qc6+ 40. Qxc6 Rxc6 41. a5 b3 42. Rf3 Rc2+ 43. Kh3 b2 44. Rb3 Kg6 45. Kg4 h5+ 46. Kf4 Rc4+ 47. Ke5 Rc5+ 48. Kf4 Rb5 0-1

[Event "88th GER-ch Men 2017"]
[Site "Apolda"]
[Date "2017.06.24"]
[Round "2"]
[White "Jahncke, Giso"]
[Black "Heinert, Eugen"]
[Result "1-0"]
[ECO "A20"]
[WhiteElo "2340"]
[BlackElo "2151"]
[Annotator "NA"]
[PlyCount "87"]
[EventDate "2017.??.??"]
[EventType "swiss"]
[EventCountry "GER"]
[SourceTitle "playchess.com"]
[Source "ChessBase"]
[SourceQuality "1"]
[TimeControl "40/6000+30:3000+30"]

1. c4 e5 2. g3 Nf6 3. Bg2 Bc5 4. Nc3 c6 5. d3 d5 6. cxd5 cxd5 7. Qb3 Nc6 8. Nxd5 Nd4 9. Qc4 Be6 10. Nxf6+ Qxf6 11. Qxc5 Rc8 12. Qxa7 Nc2+ 13. Kd1 Nxa1 14. Bxb7 Qe7 15. Qa4+ Bd7 16. Qa5 Rb8 17. b3 O-O 18. Ba3 Qf6 19. Bxf8 Bc6 20. Be7 Qxe7 21. Bxc6 Qd6 22. Qc3 Rc8 23. Nf3 Rxc6 24. Qxe5 Qxe5 25. Nxe5 Rc2 26. f4 Rb2 27. Kc1 Rxe2 28. Kb1 Nc2 29. Rc1 Na3+ 30. Ka1 g6 31. Rc5 f6 32. Nc4 Nc2+ 33. Kb2 Nb4+ 34. Ka3 Nxd3 35. Rc8+ Kg7 36. Rc7+ Kh6 37. Nb6 Re6 38. Na4 Re2 39. Nc3 Rxh2 40. b4 Rb2 41. Rd7 Rxb4 42. Rxd3 Rb7 43. Ne4 f5 44. Nd6 1-0

[Event "88th GER-ch Men 2017"]
[Site "Apolda"]
[Date "2017.06.24"]
[Round "2"]
[White "Neyman, Igor"]
[Black "Kersten, Uwe"]
[Result "1-0"]
[ECO "E11"]
[WhiteElo "2308"]
[BlackElo "2257"]
[Annotator "NA"]
[PlyCount "83"]
[EventDate "2017.??.??"]
[EventType "swiss"]
[EventCountry "GER"]
[SourceTitle "playchess.com"]
[Source "ChessBase"]
[SourceQuality "1"]
[TimeControl "40/6000+30:3000+30"]

1. d4 Nf6 2. Nf3 e6 3. c4 Bb4+ 4. Nbd2 O-O 5. a3 Be7 6. e4 d5 7. Bd3 c5 8. dxc5 dxe4 9. Nxe4 Nxe4 10. Bxe4 Qxd1+ 11. Kxd1 Bxc5 12. Ke2 a5 13. b3 Nd7 14. Bd2 Nf6 15. Bc2 b6 16. b4 Be7 17. Be3 Bb7 18. Bxb6 axb4 19. axb4 Bxb4 20. Rhb1 Be7 21. Bd4 Ba6 22. Ra4 Rfc8 23. Nd2 Nd5 24. Ke1 e5 25. Be4 Bb7 26. Rxb7 Rxa4 27. Bxd5 exd4 28. Rxe7 d3 29. f4 Ra2 30. Re3 Ra3 31. Kf2 Kf8 32. Kf3 f5 33. g4 fxg4+ 34. Kxg4 Rb8 35. Bf3 Rb2 36. Ne4 Rxh2 37. c5 h5+ 38. Kg5 Rc2 39. Nd6 Rxc5+ 40. Kg6 Rc8 41. Nxc8 Ra6+ 42. Kxh5 1-0

[Event "88th GER-ch Men 2017"]
[Site "Apolda"]
[Date "2017.06.24"]
[Round "2"]
[White "Tonndorf, Matthias"]
[Black "Hoefelsauer, Thomas"]
[Result "1-0"]
[ECO "A01"]
[WhiteElo "2256"]
[BlackElo "2395"]
[Annotator "NA"]
[PlyCount "79"]
[EventDate "2017.??.??"]
[EventType "swiss"]
[EventCountry "GER"]
[SourceTitle "playchess.com"]
[Source "ChessBase"]
[SourceQuality "1"]
[TimeControl "40/6000+30:3000+30"]

1. b3 d5 2. Bb2 Bf5 3. Nf3 e6 4. g3 Nf6 5. Bg2 Be7 6. O-O O-O 7. d3 h6 8. Nbd2 a5 9. a4 Na6 10. Ne5 Nc5 11. Qe1 Bh7 12. e4 c6 13. Qe2 Qb6 14. Kh1 Rad8 15. Ng4 Ncd7 16. Ne3 Nc5 17. e5 Nfd7 18. f4 Na6 19. Rf3 Nb4 20. g4 Bc5 21. Raf1 Bxe3 22. Rxe3 Nxc2 23. Rh3 Nd4 24. Qf2 Nc2 25. Qh4 Ne3 26. f5 exf5 27. g5 Nxf1 28. e6 fxe6 29. Bxg7 Kxg7 30. Qxh6+ Kf7 31. Qxh7+ Ke8 32. Nxf1 Qd4 33. g6 Nf6 34. Qxb7 Ng4 35. Qxc6+ Ke7 36. Rh7+ Kf6 37. h3 Kxg6 38. Re7 Nf2+ 39. Kh2 Qe5+ 40. Kg1 1-0

[Event "88th GER-ch Men 2017"]
[Site "Apolda"]
[Date "2017.06.24"]
[Round "2"]
[White "Middelhoff, Cornelius"]
[Black "Kolbus, Dietmar"]
[Result "0-1"]
[ECO "E91"]
[WhiteElo "2131"]
[BlackElo "2306"]
[Annotator "NA"]
[PlyCount "94"]
[EventDate "2017.??.??"]
[EventType "swiss"]
[EventCountry "GER"]
[SourceTitle "playchess.com"]
[Source "ChessBase"]
[SourceQuality "1"]
[TimeControl "40/6000+30:3000+30"]

1. d4 Nf6 2. c4 g6 3. Nc3 Bg7 4. e4 O-O 5. Nf3 d6 6. Be2 Na6 7. O-O e5 8. Be3 Qe8 9. d5 Ng4 10. Bd2 f5 11. Ne1 Nf6 12. exf5 gxf5 13. f4 Nc5 14. Nb5 Rf7 15. fxe5 Qxe5 16. Nf3 Qe7 17. Ng5 Rf8 18. Re1 Nfe4 19. Nxe4 Nxe4 20. Bc3 Nxc3 21. bxc3 Bxc3 22. Nxc3 Qe3+ 23. Kh1 Qxc3 24. Rb1 Re8 25. Rf1 Re3 26. Rb3 Qe5 27. Rxe3 Qxe3 28. Rf3 Qe5 29. Bd3 Bd7 30. Qb1 Re8 31. Qxb7 Qa1+ 32. Bf1 Re1 33. Kg1 Qd4+ 34. Kh1 Qxc4 35. Kg1 Qd4+ 36. Kh1 Qb6 37. Qxb6 cxb6 38. Kg1 Ra1 39. a3 Bb5 40. Rxf5 Kg7 41. g4 Rd1 42. Kg2 Bxf1+ 43. Rxf1 Rxf1 44. Kxf1 Kf6 45. Kf2 Ke5 46. Ke3 b5 47. h4 a5 {[%emt 0:00:00] Kd4+} 0-1

[Event "88th GER-ch Men 2017"]
[Site "Apolda"]
[Date "2017.06.28"]
[Round "6"]
[White "Zude, Arno"]
[Black "Goepfert, Jakob"]
[Result "1-0"]
[ECO "B19"]
[WhiteElo "2392"]
[BlackElo "2099"]
[Annotator "NA"]
[PlyCount "65"]
[EventDate "2017.??.??"]
[EventType "swiss"]
[EventCountry "GER"]
[SourceTitle "playchess.com"]
[Source "ChessBase"]
[SourceQuality "1"]
[TimeControl "40/6000+30:3000+30"]

1. e4 c6 2. d4 d5 3. Nd2 dxe4 4. Nxe4 Bf5 5. Ng3 {[%emt 0:00:07] LiveBook: 11584 Games} Bg6 $1 6. h4 h6 7. Nf3 Nd7 8. h5 Bh7 9. Bd3 Bxd3 10. Qxd3 Ngf6 11. Bd2 e6 12. O-O-O Be7 13. Kb1 c5 14. Ne4 Qc7 15. Nxf6+ Nxf6 16. Ne5 a6 {[%emt 0:12:46] [#]} 17. Bf4 $1 Bd6 (17... Nd5 $16 {was necessary.} 18. Bg3 Bd6) 18. Qg3 O-O-O 19. Qxg7 $18 Nd5 20. dxc5 f6 21. Qxh8 Rxh8 22. cxd6 Qg7 23. Ng6 Nxf4 24. d7+ Kd8 25. Nxf4 Qg4 26. Rd4 e5 27. Rc4 Qxd7 28. Ng6 Rg8 29. Kc1 Qf5 30. Rd1+ Ke8 31. g4 Qe6 32. Rc7 Rxg6 33. hxg6 1-0

[Event "88th GER-ch Men 2017"]
[Site "Apolda"]
[Date "2017.06.28"]
[Round "6"]
[White "Schmidt-Schaeffer, Sebastian"]
[Black "Tonndorf, Matthias"]
[Result "1-0"]
[ECO "E21"]
[WhiteElo "2380"]
[BlackElo "2256"]
[Annotator "NA"]
[PlyCount "99"]
[EventDate "2017.??.??"]
[EventType "swiss"]
[EventCountry "GER"]
[SourceTitle "playchess.com"]
[Source "ChessBase"]
[SourceQuality "1"]
[TimeControl "40/6000+30:3000+30"]

1. d4 Nf6 2. c4 e6 3. Nc3 Bb4 4. Nf3 c5 5. e3 O-O 6. Bd3 b6 7. O-O Bb7 8. Qe2 (8. Na4 $5 ) 8... Bxf3 {[%emt 0:06:24] E43: Nimzo-Indian: Rubinstein: 4...b6} (8... Bxc3 9. bxc3 Be4 10. Nd2 Bxd3 11. Qxd3 Nc6 12. e4 e5 13. d5 Ne7 14. f4 exf4 15. e5 Ng4 16. Qe2 f5 17. h3 {1-0 (58) Duda,J (2658)-Bachmann,A (2593) Berlin 2015}) 9. Qxf3 Nc6 10. Ne2 Qe7 $146 ({Predecessor:} 10... cxd4 $11 11. exd4 d5 12. Rd1 dxc4 13. Bxh7+ Kxh7 14. Qxc6 Qd5 15. Qa4 Bd6 16. h3 {0-1 (28) Guth,W (1958)-Sobolevsky,L (2271) Frankfurt 2010}) 11. a3 Ba5 12. e4 Ne8 ({But not} 12... Nxd4 $2 13. Nxd4 Qd6 14. Nb3 $18) 13. e5 Rc8 14. Qh3 ({But not} 14. b4 $6 cxb4 15. Qh3 (15. axb4 Bxb4 16. Be4 a5 $11) 15... f5 $14) 14... f5 15. f4 b5 16. d5 bxc4 17. d6 Qf7 18. Bxc4 Bb6 19. Bd2 Rb8 20. Rac1 g6 21. Qb3 Ng7 22. Qa4 Qe8 23. Bb5 Rc8 24. Be3 Qd8 25. Kh1 Nb8 26. Rc2 h6 27. Rfc1 Kh7 28. Bxc5 Bxc5 29. Rxc5 Rxc5 30. Rxc5 Qb6 31. b4 Qb7 32. Qc2 g5 33. fxg5 hxg5 34. Nd4 Rf7 35. Be2 Kh6 36. Qd3 g4 37. Kg1 Nh5 38. Qd2+ Kg6 39. Bd3 Rg7 40. Qf2 Na6 41. Rc4 Qd5 42. Qe3 g3 $18 43. hxg3 Kf7 44. Qh6 Nxg3 45. Qf6+ Kg8 46. Rc8+ Kh7 47. Qh4+ Kg6 48. Rh8 Qxe5 49. Rh6+ Kf7 50. Qe7+ 1-0

[Event "88th GER-ch Men 2017"]
[Site "Apolda"]
[Date "2017.06.28"]
[Round "6"]
[White "Jahncke, Giso"]
[Black "Fuchs, Florian"]
[Result "0-1"]
[ECO "A05"]
[WhiteElo "2340"]
[BlackElo "2335"]
[Annotator "NA"]
[PlyCount "80"]
[EventDate "2017.??.??"]
[EventType "swiss"]
[EventCountry "GER"]
[SourceTitle "playchess.com"]
[Source "ChessBase"]
[SourceQuality "1"]
[TimeControl "40/6000+30:3000+30"]

1. Nf3 Nf6 2. c4 e6 3. g3 b6 4. Bg2 Bb7 5. O-O Be7 6. b3 d5 7. Bb2 O-O 8. e3 Nbd7 9. Nc3 c5 10. Re1 {[%emt 0:09:35] A14: English Opening: 1...e6 with b3 by White} (10. Qe2 Qc7 11. Nh4 dxc4 12. bxc4 Ne8 13. f4 Bxg2 14. Nxg2 Bf6 15. f5 Qc6 16. fxe6 fxe6 17. Nf4 Nc7 18. d3 Bxc3 19. Bxc3 {½-½ (36) Caruana,F (2802)-Anand,V (2791) Shamkir 2015}) 10... Rc8 $146 ({Predecessor:} 10... a6 11. Rc1 dxc4 12. bxc4 Qc7 13. d3 Rfd8 14. Rc2 Nf8 15. Rd2 Rd7 16. Qb1 Bc6 17. e4 Ng6 {1-0 (37) Lomakina,G (2092)-Cherednichenko,V (1959) Voronezh 2008}) 11. cxd5 exd5 12. d4 Ne4 13. Nxe4 (13. Rc1 $14) 13... dxe4 14. Nd2 f5 15. f3 Nf6 16. fxe4 fxe4 17. Rc1 Qe8 18. Nc4 Rd8 19. Qe2 Kh8 20. Rf1 Qd7 21. Ne5 Qe6 22. Rf4 Bd6 $14 23. Rcf1 Kg8 24. Rf5 Bc8 25. Rg5 h6 26. Rgf5 cxd4 27. exd4 Qxf5 28. Rxf5 Bxf5 29. Nc4 Bb8 30. Ne3 Bg6 31. Bh3 Kh8 32. Qb5 Be8 33. Qf1 Nh7 34. Bf5 Bd7 35. g4 Ng5 36. Ba3 Rfe8 37. Bxd7 Rxd7 38. Qb5 Red8 39. d5 Bf4 40. Ng2 Rxd5 0-1

[Event "88th GER-ch Men 2017"]
[Site "Apolda"]
[Date "2017.06.28"]
[Round "6"]
[White "Schulz, Karsten"]
[Black "Telljohan, Sven"]
[Result "1/2-1/2"]
[ECO "A37"]
[WhiteElo "2264"]
[BlackElo "2404"]
[Annotator "NA"]
[PlyCount "55"]
[EventDate "2017.??.??"]
[EventType "swiss"]
[EventCountry "GER"]
[SourceTitle "playchess.com"]
[Source "ChessBase"]
[SourceQuality "1"]
[TimeControl "40/6000+30:3000+30"]

1. c4 g6 2. Nc3 Bg7 3. g3 c5 4. Bg2 Nc6 5. Nf3 d6 6. O-O Qd7 7. b3 {[%emt 0:01:32] A37: Symmetrical English vs ...g6: 4 Bg2 Bg7 5 Nf3} (7. e3 Bxc3 8. bxc3 f5 9. d3 Nf6 10. Nd2 b6 11. f4 Bb7 12. e4 O-O-O 13. Re1 fxe4 14. Nxe4 Nxe4 15. Bxe4 {½-½ (45) Nakamura,H (2775)-Carlsen,M (2835) Moscow 2012}) 7... b6 8. Bb2 Bb7 9. e3 Ne5 $146 ({Predecessor:} 9... e6 10. d4 cxd4 11. exd4 Nge7 12. Rb1 O-O 13. d5 exd5 14. Nxd5 Nxd5 15. Bxg7 {½-½ (24) Jatoba de Oliveira Reis,P (2380)-Barbosa,E (2461) Natal 2016}) 10. d4 Nxf3+ 11. Bxf3 Bxf3 12. Qxf3 Rb8 13. Rad1 Qb7 14. Qe2 Nh6 15. dxc5 bxc5 16. Nd5 O-O 17. Bxg7 Kxg7 18. e4 f6 19. f4 e6 20. Nc3 Qe7 21. Rd3 Nf7 22. Rfd1 Rfd8 23. R1d2 a6 24. Qe3 (24. Kf2 $16) 24... Rbc8 25. Qe2 Rb8 26. Qe3 $11 Rbc8 27. Qe2 Rb8 28. Qe3 1/2-1/2

[Event "88th GER-ch Men 2017"]
[Site "Apolda"]
[Date "2017.06.28"]
[Round "6"]
[White "Kersten, Uwe"]
[Black "Miller, Eduard"]
[Result "0-1"]
[ECO "A45"]
[WhiteElo "2257"]
[BlackElo "2319"]
[Annotator "NA"]
[PlyCount "74"]
[EventDate "2017.??.??"]
[EventType "swiss"]
[EventCountry "GER"]
[SourceTitle "playchess.com"]
[Source "ChessBase"]
[SourceQuality "1"]
[TimeControl "40/6000+30:3000+30"]

1. d4 Nf6 2. Bf4 g6 3. Nc3 d5 {[%emt 0:12:54] A45: Trompowsky Attack} 4. e3 Bg7 {[%emt 0:08:02] LiveBook: 73 Games} 5. h4 h5 (5... c5 $5) 6. Nb5 Na6 7. Be2 $146 ({Predecessor:} 7. Nf3 c6 8. Nc3 Bf5 9. Bxa6 bxa6 10. Ne5 Qc8 11. Na4 {1-0 (31) Matlakov,M (2691)-Rakhmanov,A (2662) Sochi 2016}) 7... O-O 8. Nf3 c6 9. Nc3 Qa5 10. Kf1 Nc7 11. Be5 Ng4 12. Bxg7 Kxg7 13. a3 Ne8 14. e4 Nef6 15. Bd3 dxe4 16. Nxe4 Nxe4 $17 17. Bxe4 Qb5+ 18. Bd3 Qxb2 19. g3 Be6 20. Rb1 Qxa3 21. Kg2 b5 22. Be4 Qd6 23. Re1 Nf6 24. Kg1 Nxe4 25. Rxe4 Bd5 26. Re5 a5 27. Qe2 a4 28. Ng5 a3 29. Rxe7 a2 30. Ra1 Ra4 31. c3 b4 32. Re8 Rxe8 33. Qxe8 bxc3 34. Kh2 Rxd4 35. Kh3 c2 36. Re1 Rd1 37. Re4 a1=Q 0-1

[Event "88th GER-ch Men 2017"]
[Site "Apolda"]
[Date "2017.06.28"]
[Round "6"]
[White "Bussard, Christian"]
[Black "Buecker, Stefan"]
[Result "0-1"]
[ECO "A40"]
[WhiteElo "2251"]
[BlackElo "2291"]
[Annotator "NA"]
[PlyCount "82"]
[EventDate "2017.??.??"]
[EventType "swiss"]
[EventCountry "GER"]
[SourceTitle "playchess.com"]
[Source "ChessBase"]
[SourceQuality "1"]
[TimeControl "40/6000+30:3000+30"]

1. d4 Nc6 2. Nf3 d6 3. e4 Nf6 4. Nc3 e6 5. Be2 d5 6. exd5 exd5 7. O-O Bb4 8. a3 Bxc3 9. bxc3 O-O 10. c4 Na5 11. cxd5 Qxd5 12. Rb1 a6 13. Bf4 Ne4 14. Qe1 Nd6 15. Qc3 Nc6 16. Rfe1 Qf5 (16... Bg4 $14) 17. Qd2 Ne4 18. Qe3 Nc3 {[%emt 0:00:18] [#]} 19. Bd3 $1 Qa5 20. Rb3 Nd5 21. Qd2 Bg4 22. c3 Bxf3 23. gxf3 b5 24. Bg3 h6 25. Bc2 Rae8 26. Rxe8 $11 Rxe8 27. Kg2 Nce7 28. h4 c6 29. Kh2 Qd8 30. Rb1 Ng6 31. Qd3 Qf6 32. h5 Nf8 33. Rh1 Qg5 34. Bb1 Qxh5+ 35. Kg2 Qg5 36. Rh4 Ng6 37. Kh2 Re1 38. f4 Qf6 39. Rg4 h5 40. Rg5 h4 41. Rxg6 fxg6 0-1

[Event "88th GER-ch Men 2017"]
[Site "Apolda"]
[Date "2017.06.28"]
[Round "6"]
[White "Heimrath, Reiner"]
[Black "Dobierzin, Olaf"]
[Result "1/2-1/2"]
[ECO "E67"]
[WhiteElo "2231"]
[BlackElo "2020"]
[Annotator "NA"]
[PlyCount "95"]
[EventDate "2017.??.??"]
[EventType "swiss"]
[EventCountry "GER"]
[SourceTitle "playchess.com"]
[Source "ChessBase"]
[SourceQuality "1"]
[TimeControl "40/6000+30:3000+30"]

1. Nf3 Nf6 2. d4 g6 3. g3 Bg7 4. Bg2 O-O 5. O-O d6 6. c4 Nbd7 7. Nc3 e5 8. b3 Re8 9. dxe5 dxe5 10. Ba3 c6 11. Bd6 (11. e4 $11) 11... e4 12. Ne1 Qa5 13. Rc1 Qh5 14. f3 exf3 15. exf3 Ne5 16. Bxe5 Qxe5 $17 17. Nd3 Qe3+ 18. Nf2 Ng4 19. fxg4 Bxc3 20. Kh1 Bd4 21. b4 Be6 22. Qc2 Rad8 23. a4 Bg7 24. b5 Rd2 25. Qe4 Bd7 26. Qxe3 Rxe3 27. Ne4 Rxg2 28. Kxg2 Rxe4 29. Rfd1 Bd4 30. Kf3 f5 31. gxf5 Bxf5 32. c5 Re3+ 33. Kf4 Re4+ 34. Kf3 g5 35. Rc4 g4+ 36. Kg2 Bf6 37. Rxe4 Bxe4+ 38. Kf2 Bd5 39. a5 a6 40. bxa6 bxa6 41. Ke3 Bg5+ 42. Kd4 Bf6+ 43. Kd3 Kf7 44. Rb1 Bg2 45. Rg1 Bf3 46. Rb1 Bg2 47. Rg1 Bf3 48. Rb1 1/2-1/2

[Event "88th GER-ch Men 2017"]
[Site "Apolda"]
[Date "2017.06.28"]
[Round "6"]
[White "Prenzler, Daniel"]
[Black "Middelhoff, Cornelius"]
[Result "1/2-1/2"]
[ECO "A08"]
[WhiteElo "2210"]
[BlackElo "2131"]
[Annotator "NA"]
[PlyCount "63"]
[EventDate "2017.??.??"]
[EventType "swiss"]
[EventCountry "GER"]
[SourceTitle "playchess.com"]
[Source "ChessBase"]
[SourceQuality "1"]
[TimeControl "40/6000+30:3000+30"]

1. e4 c5 2. Nf3 Nc6 3. d3 e6 4. g3 Nf6 5. Bg2 d5 6. Nbd2 Be7 7. O-O O-O 8. Re1 Re8 9. e5 Nd7 $1 10. Nf1 {[%emt 0:00:07] LiveBook: 19 Games} d4 {[%emt 0:15:15] C00: French: Unusual White 2nd moves} (10... b5 $15) (10... Qc7 11. Bf4 b5 12. h4 Bb7 13. N1h2 b4 14. Ng4 a5 15. Qd2 Nd4 16. h5 Nxf3+ 17. Bxf3 Kh8 18. h6 g6 {1-0 (37) Mozharov,M (2530)-Bagheri,M (2298) Urmia 2016}) 11. h4 Qc7 $146 ({Predecessor:} 11... Qb6 12. N1h2 f6 13. exf6 Nxf6 14. Ng5 e5 15. Ne4 Rf8 16. Nxf6+ Bxf6 {½-½ (39) Litvinov,M (2024)-Gaifullin,A (1925) Ufa 2015}) 12. Qe2 Rb8 13. N1h2 b5 14. Bf4 c4 ({Better is} 14... Bb7 $11) 15. Ng5 Bxg5 16. hxg5 Ne7 17. Qh5 Bb7 18. Ng4 Ng6 $15 19. Be4 Bxe4 20. Rxe4 cxd3 21. Rxd4 dxc2 22. Rc1 Ndxe5 23. Nxe5 Qc5 24. Rd7 Nxe5 25. Bxe5 Qxe5 26. Qxf7+ Kh8 27. Rxc2 Rf8 28. Qe7 Qe1+ 29. Kg2 Qe4+ 30. Kg1 Qe1+ 31. Kg2 Qe4+ 32. Kg1 1/2-1/2

[Event "88th GER-ch Men 2017"]
[Site "Apolda"]
[Date "2017.06.28"]
[Round "6"]
[White "Heinert, Eugen"]
[Black "Schmitt, Philipp"]
[Result "1-0"]
[ECO "A14"]
[WhiteElo "2151"]
[BlackElo "2174"]
[Annotator "NA"]
[PlyCount "81"]
[EventDate "2017.??.??"]
[EventType "swiss"]
[EventCountry "GER"]
[SourceTitle "playchess.com"]
[Source "ChessBase"]
[SourceQuality "1"]
[TimeControl "40/6000+30:3000+30"]

1. c4 e6 2. g3 d5 3. Nf3 Nf6 4. Bg2 Be7 5. O-O O-O 6. b3 c5 7. cxd5 exd5 8. d4 Nc6 9. Bb2 Ne4 10. Nc3 Bf6 11. Nxe4 dxe4 12. Nd2 Bxd4 {[%emt 0:02:28] D34: Tarrasch Defence: 6 g3 Nf6 7 Bg2 Be7} 13. Bxd4 cxd4 (13... Nxd4 14. e3 Nf3+ 15. Nxf3 Qxd1 16. Rfxd1 exf3 17. Bxf3 Rb8 18. Kg2 b6 19. Rd2 g6 20. Rad1 Kg7 21. Rd6 Re8 22. g4 Be6 23. Kg3 Rbc8 24. Bb7 Rc7 25. Ba6 Ree7 26. Bc4 {½-½ (26) Gourlay,I (2385)-Eggleston,D (2413) Crawley 2016}) 14. Nxe4 Re8 15. Rc1 Bg4 16. Re1 Rc8 17. Qd2 $146 ({Predecessor:} 17. h3 Bf5 18. Nc5 b6 19. Nd3 Be4 20. Qd2 Bxg2 21. Kxg2 h6 22. Nb4 Nxb4 23. Rxc8 Qxc8 24. Qxb4 Qc6+ 25. Kg1 Qe4 26. e3 g6 {½-½ (26) Schmuecker,M (2213)-Esser,N (2159) Oberhausen 2013}) 17... b6 18. Qf4 Ne5 19. Rxc8 Bxc8 20. Rd1 Ba6 21. Rxd4 Nf3+ 22. Bxf3 Qxd4 23. Bh5 Qd1+ 24. Kg2 Qd5 25. Bf3 Qe5 $17 ({Better is} 25... Qd4 $19 26. Qd6 Qxd6 27. Nxd6 Rd8) 26. Qd2 h6 27. g4 Qe7 28. Ng3 Bb7 29. Nf5 Bxf3+ 30. exf3 Qc5 31. h4 a5 32. h5 Qe5 33. Qd7 Rf8 34. a4 Qc3 35. Qd5 Qc5 36. Qd7 Qb4 37. Qd5 Re8 38. Nd6 Re6 39. Qa8+ Kh7 40. Nxf7 g5 41. Qh8# 1-0

[Event "88th GER-ch Men 2017"]
[Site "Apolda"]
[Date "2017.06.30"]
[Round "8"]
[White "Jahncke, Giso"]
[Black "Zude, Arno"]
[Result "1-0"]
[ECO "C54"]
[WhiteElo "2340"]
[BlackElo "2392"]
[Annotator "NA RC"]
[PlyCount "69"]
[EventDate "2017.??.??"]
[EventType "swiss"]
[EventCountry "GER"]
[SourceTitle "playchess.com"]
[Source "ChessBase"]
[SourceQuality "1"]
[TimeControl "40/6000+30:3000+30"]

1. e4 e5 2. Nf3 Nc6 3. Bc4 Bc5 4. c3 Nf6 5. d3 O-O 6. O-O d6 {[%emt 0:00:17] LiveBook: 962 Games} 7. Bg5 h6 8. Bh4 g5 {[%emt 0:05:38] C54: Giuoco Piano: 4 c3 Nf6, main lines with 5 d4 and 5 d3} (8... a6 9. Bb3 Ba7 10. Nbd2 Be6 11. Re1 Kh7 12. Nf1 g5 13. Bg3 Bxb3 14. Qxb3 Rb8 15. d4 exd4 16. Nxd4 {0-1 (52) Caruana,F (2808)-Anand,V (2786) Stavanger 2017}) 9. Nxg5 hxg5 10. Bxg5 Kg7 11. b4 Bb6 12. Qf3 Rh8 $146 ({Predecessor:} 12... Kg6 13. Bh4 Rg8 14. h3 Be6 15. Nd2 Qe7 16. Bd5 {0-1 (36) Hendrickson,N (2200)-Patel,A (2309) Saint Louis 2015}) 13. Nd2 Nb8 (13... a5 $5 14. b5 Nb8 $11) 14. h4 Nbd7 15. Bb3 Qg8 (15... Nf8 $15) 16. Nc4 Qh7 17. a4 a5 18. Nxb6 ({Much worse is} 18. Nxa5 Bxa5 19. bxa5 Qg6 $17) 18... cxb6 19. Qe3 Nh5 20. f4 f6 21. fxe5 dxe5 {[%emt 0:00:36] [#]} 22. Rf5 $1 Rf8 23. Raf1 axb4 24. cxb4 b5 25. axb5 Ra3 26. Bc4 Ra4 27. g4 Nf4 28. Bxf4 exf4 29. Qxf4 Rxb4 30. e5 Qg6 31. e6 Nb6 32. h5 Qh6 33. g5 Qxh5 34. gxf6+ Rxf6 35. Rg5+ 1-0

[Event "88th GER-ch Men 2017"]
[Site "Apolda"]
[Date "2017.07.01"]
[Round "9"]
[White "Miller, Eduard"]
[Black "Schneider, Jana"]
[Result "1-0"]
[ECO "C00"]
[WhiteElo "2319"]
[BlackElo "2270"]
[Annotator "RC"]
[PlyCount "65"]
[EventDate "2017.??.??"]
[EventType "swiss"]
[EventCountry "GER"]
[SourceTitle "playchess.com"]
[Source "ChessBase"]
[SourceQuality "1"]
[TimeControl "40/6000+30:3000+30"]

1. e4 e6 2. d3 d5 3. Nd2 Nf6 4. Ngf3 Nc6 5. c3 Bd6 6. g3 O-O 7. Bg2 dxe4 8. dxe4 e5 9. O-O a5 10. Qc2 Bc5 11. Nc4 Qe7 12. Nh4 Rd8 13. Ne3 Be6 14. Nef5 Qd7 15. Bg5 Qd3 16. Qc1 Nxe4 17. Bxd8 Rxd8 18. Bxe4 Qxe4 19. Qg5 g6 20. Rae1 Qc2 21. Rxe5 Nxe5 22. Qxd8+ Bf8 23. Nd4 Qxb2 24. Qxc7 Nd3 25. Nxe6 fxe6 26. Nf3 h6 27. Ne5 Nxe5 28. Qxe5 Qxa2 29. Rd1 a4 30. Qf6 Qc2 31. Qxe6+ Kh7 32. Rd7+ Kh8 33. Qf6+ 1-0